 Dungeon Crawl Stone Soup version 0.29-a0-925-g0a7a3d12f8 (webtiles) character file.

Game seed: 10046115932436150973

35 Newt the Ruffian (level 3, -3/27 HPs)
             Began as a Demonspawn Gladiator on July 27, 2022.
             Was a Follower of Cheibriados.
             Slain by Terence
             ... wielding a +0 short sword
              (4 damage)
             ... on level 2 of the Dungeon on July 28, 2022.
             The game lasted 00:03:03 (1435 turns).

Newt the Ruffian (Demonspawn Gladiator)             Turns: 1435, Time: 00:03:04

Health: -3/27      AC:  4    Str: 19    XL:     3   Next: 16%
Magic:  0/3        EV: 13    Int: 12    God:    Cheibriados [*.....]
Gold:   10         SH:  4    Dex: 17    Spells: 2/2 levels left

rFire   . . .      SeeInvis .     - Unarmed
rCold   . . .      Faith    .   (no shield)
rNeg    . . .      Spirit   .   a - +0 leather armour
rPois   .          Reflect  .   b - +0 helmet
rElec   .          Harm     .   (no cloak)
rCorr   .          Rampage  .   (no gloves)
Will    .....                   (no boots)
Stlth   +.........              (no amulet)
HPRegen 0.09/turn               (no ring)
MPRegen 0.08/turn               (no ring)

@: very slow
A: claws 1, large bone plates 1
a: Renounce Religion, Bend Time


You were on level 2 of the Dungeon.
You worshipped Cheibriados.
Cheibriados was aware of your devotion.
You visited 1 branch of the dungeon, and saw 2 of its levels.

You collected 10 gold pieces.

Inventory:

Missiles
 c - a throwing net (quivered)
 d - a javelin
Armour
 a - a +0 leather armour (worn)
 b - a +0 helmet (worn)
Scrolls
 e - a scroll of brand weapon {unknown}
 f - a scroll of silence {unknown}
 g - a scroll of teleportation {unknown}
 i - a scroll of immolation {unknown}
 j - a scroll of identify {unknown}
 k - a scroll of enchant weapon {unknown}
 l - a scroll of poison {unknown}
Potions
 h - 2 potions of brilliance {unknown}


   Skills:
 + Level 2.2 Fighting
 + Level 1.8 Throwing
 + Level 1.0 Armour
 + Level 3.0 Dodging
 + Level 3.2 Unarmed Combat


You had 2 spell levels left.
You didn't know any spells.
Your spell library was empty.

Dungeon Overview and Level Annotations

Branches:
Dungeon (2/15)

Altars:
Cheibriados

Annotations:
D:2 Terence


Innate Abilities, Weirdness & Mutations

You have sharp fingernails.
You are partially covered in large bone plates. (SH +4)


Message History

You barely miss Terence.
Terence is moderately wounded.
Terence completely misses you.
You scratch Terence but do no damage.
Terence is moderately wounded.
Terence hits you with a +0 short sword. The flow of time bends around you.
Cheibriados rebukes Terence.
Terence seems to slow down.
Terence closely misses you.
You claw Terence!
Terence is severely wounded.
Terence misses you.
You scratch Terence but do no damage. You claw Terence.
Terence is severely wounded.
You completely miss Terence.
Terence is severely wounded.
You block Terence's attack.
You scratch Terence.
Terence is almost dead.
Terence closely misses you.
You scratch Terence but do no damage.
Terence is almost dead.
You scratch Terence but do no damage.
Terence is almost dead.
Terence hits you with a +0 short sword.
* * * LOW HITPOINT WARNING * * *
You closely miss Terence.
Terence is almost dead.
Terence hits you with a +0 short sword.
* * * LOW HITPOINT WARNING * * *
Throw: 3 throwing nets
Press: ? - help, Q - select action, (/) - cycle Shift-Dir - straight line, f - Terence
Aim: Terence, wielding a +0 short sword and wearing a +1 scale mail of willpower (almost dead, slow, 64% to hit)
You throw a throwing net. The throwing net barely misses Terence.
Throw: 2 throwing nets
Press: ? - help, Q - select action, (/) - cycle Shift-Dir - straight line, f/p - Terence
Aim: Terence, wielding a +0 short sword and wearing a +1 scale mail of willpower (almost dead, slow, 64% to hit)
You throw a throwing net. The throwing net barely misses Terence.
Terence hits you with a +0 short sword.
You die...

#.###..........#
#.# #..#########
#.###.>##
#.......#
#######.# #.#
#.# #.# #@#
#.@.....#
######.##


You could see Terence (slow).

Vanquished Creatures
  A dart slug (D:1)
  4 ball pythons
  A bat (D:2)
  3 endoplasms (D:1)
  2 hobgoblins (D:1)
  6 jackals
  A quokka (D:1)
  4 frilled lizards (D:1)
  2 goblins (D:1)
  3 kobolds (D:1)
  2 rats (D:1)
29 creatures vanquished.

Notes
Turn   | Place    | Note
-------+----------+-------------------------------------------
     0 | D:1      | Newt the Demonspawn Gladiator began the quest for the Orb.
     0 | D:1      | Reached XP level 1. HP: 16/16 MP: 1/1
   493 | D:1      | Gained mutation: You have sharp fingernails. [demonic
                  | ancestry]
   493 | D:1      | Reached XP level 2. HP: 22/22 MP: 2/2
  1233 | D:1      | Found a faded altar of an unknown god.
  1244 | D:1      | Prayed at the altar of an unknown god.
  1244 | D:1      | Became a worshipper of Cheibriados the Contemplative
  1244 | D:1      | Reached * piety under Cheibriados
  1311 | D:2      | Gained mutation: You are partially covered in large bone
                  | plates. (SH +4) [demonic ancestry]
  1311 | D:2      | Reached XP level 3. HP: 26/27 MP: 3/3
  1346 | D:2      | Upgraded the game from 0.29-a0-923-g6e406bff71 to
                  | 0.29-a0-925-g0a7a3d12f8
  1391 | D:2      | Reached skill level 1 in Armour
  1417 | D:2      | Noticed Terence
  1433 | D:2      | HP: 1/27 [Terence/+0 short sword (6)]
  1435 | D:2      | Slain by Terence

Illustrated notes

Levels and vault maps discovered:
D:1:      psy_arrival_fountain, layout_basic, shapermc_ecumenical_altar_gd
D:2:      layout_basic, feat_on_display, uniq_terence

Skill      XL: |  1  2  3 |
---------------+----------+-----
Unarmed Combat | 3 |  3.2
Dodging        | 3 |  3.0
Armour         | 1 |  1.0
Fighting       | |  2.2
Throwing       | |  1.8

Action                   || total
-------------------------++-------
Melee: Unarmed           ||   119
       Punch             ||     1
Throw: Throwing net      ||     2
Invok: Bend Time         ||     1
Armor: Leather armour    ||    30
Dodge: Dodged            ||    70
Block: Other             ||     4

Table legend: (Time is in decaauts)
 A = Elapsed time spent in this place.
 B = Non-inter-level travel time spent in this place.
 C = Inter-level travel time spent in this place.
 D = Time resting spent in this place.
 E = Time spent auto-exploring this place.
 F = Levels seen in this place.
 G = Mean time per level.
                   A        B        C        D        E       F      G
               +--------+--------+--------+--------+--------+-----+--------+
         Total |   1467 |   1456 |     11 |    636 |    606 |   2 |  733.5 |
       Dungeon |   1467 |   1456 |     11 |    636 |    606 |   2 |  733.5 |
               +--------+--------+--------+--------+--------+-----+--------+

Top non-repeatable levels by time:
     D:1: 1321 daAuts
     D:2: 145 daAuts
